 Dungeon Crawl Stone Soup version 0.25-a0-731-g0472a16d6a (webtiles) character file.

Game seed: 10032512588512193799, levelgen mode: deterministic

6 Anathary the Sneak (level 1, 0/10 HPs)
             Began as a Spriggan Assassin on Apr 9, 2020.
             Slain by a hobgoblin
             ... wielding a +0 club
              (7 damage)
             ... on level 1 of the Dungeon.
             The game lasted 00:01:47 (384 turns).

Anathary the Sneak (Spriggan Assassin)               Turns: 384, Time: 00:01:47

Health: 0/10       AC:  3    Str:  7    XL:     1   Next: 75%
Magic:  2/2        EV: 17    Int: 12    God:
Gold:   8          SH:  0    Dex: 17    Spells: 0/0 levels left

rFire    . . .     SeeInvis +   a - +2 dagger
rCold    . . .     Gourm    .   (shield restricted)
rNeg     . . .     Faith    .   b - +0 robe
rPois    .         Spirit   .   (helmet restricted)
rElec    .         Reflect  .   c - +0 cloak
rCorr    .         Harm     .   (gloves unavailable)
MR       .....                  (boots unavailable)
Stlth    +++.......             (no amulet)
HPRegen  0.03/turn              (no ring)
MPRegen  0.08/turn              (no ring)

@: very quick
A: very small, unfitting armour, see invisible, herbivore, speed 3, slow
metabolism 2
a: no special abilities


You were on level 1 of the Dungeon.
You were not hungry.

You visited 1 branch of the dungeon, and saw 1 of its levels.

You collected 8 gold pieces.

Inventory:

Hand Weapons
 a - a +2 dagger (weapon)
Missiles
 d - 8 poisoned darts (quivered)
 e - 2 curare-tipped darts
Armour
 b - a +0 robe (worn)
 c - a +0 cloak (worn)
Jewellery
 h - a cursed ring of resist corrosion {unknown}
Scrolls
 g - 2 scrolls of identify {unknown}
 i - a scroll of magic mapping {unknown}
Comestibles
 f - a ration


   Skills:
 - Level 1.5 Fighting
 + Level 2.2 Short Blades
 - Level 2.0 Throwing
 * Level 1.7 Dodging
 * Level 6.3 Stealth


You couldn't memorise any spells.
You didn't know any spells.
Your spell library was empty.

Dungeon Overview and Level Annotations

Branches:
Dungeon (1/15)

Altars:


Innate Abilities, Weirdness & Mutations

You are very small and have problems with some larger weapons.
You are too small for most types of armour.
You have supernaturally acute eyesight. (SInv)
You are a herbivore.
You cover ground extremely quickly.
You need to consume almost no food.


Message History

a +0 club; 6 boomerangs; a goblin skeleton
Found a ration.
Found a scroll labeled ZUNIUZX WOEB.
A bat and a goblin come into view.
The goblin shouts!
You hear a bark! 2 hobgoblins come into view.
The goblin misses you.
A jackal comes into view.
The jackal barks!
You hit the goblin.
You kill the goblin!
A jackal comes into view.
You hit the hobgoblin.
The hobgoblin is moderately wounded.
The hobgoblin hits you with a +0 club.
You hit the hobgoblin.
The hobgoblin is heavily wounded.
The hobgoblin hits you with a +0 club!
Ouch! That really hurt!
You die...

#..........###.?....
#...................
#...........#.......
#..........#........
#####[.........#...g.g..
#.......####..##........
#......## #..h# .......g
#......###..#g# ........
#......##..##@# ........
#......##.##..# #......
#......)..#).####
#......#....(...####.##.
#....÷...#.####....>....
#.......#..# ♣#.##.....
######..#.#♣ #'## ...
##)#..♣ +.<# . ###..#.#♣
#..#


You could see a jackal and a hobgoblin.

Vanquished Creatures
  2 goblins (D:1)
  A hobgoblin (D:1)
  2 kobolds (D:1)
  A rat (D:1)
6 creatures vanquished.

Notes
Turn   | Place    | Note
-------+----------+-------------------------------------------
     0 | D:1      | Anathary the Spriggan Assassin began the quest for the Orb.
     0 | D:1      | Reached XP level 1. HP: 10/10 MP: 2/2
    75 | D:1      | Reached skill level 6 in Stealth
   384 | D:1      | Slain by a hobgoblin

Levels and vault maps discovered:
D:1:      sevenhm_arrival_forest_fort_small_3, layout_rooms,
          chequers_serial_rivers_micro_a

Skill      XL: |  1 |
---------------+----+-----
Stealth        | 6 |  6.3
Fighting       | |  1.5
Short Blades   | |  2.2
Throwing       | |  2.0
Dodging        | |  1.7

Action                   || total
-------------------------++-------
Melee: Dagger            ||    23
Armor: Robe              ||     1
Dodge: Dodged            ||    16

Table legend:
 A = Non-vault XP
 B = Vault XP
 C = Vault XP percentage of total XP
 D = Non-vault monster count
 E = Vault monster count
 F = Vault count percentage of total count
                 A         B        C        D         E       F
            +---------+---------+-------+---------+---------+-------
      Total |       9 |       0 |   0.0 |       6 |       0 |   0.0
            +---------+---------+-------+---------+---------+-------
        D:1 |       9 |       0 |   0.0 |       6 |       0 |   0.0
            +---------+---------+-------+---------+---------+-------
